montu, chaotic male human Wizard ------ ----- |....| |...| |.`..----.`.| |.`......`..| |..--->---..| |---------.--- |..^^^<|.....| |(.----|``...| --^| |.....| |^-----.....| |@a%..%.Y...| |..---------- ---- montu the Thaumaturge Experience level: 7 Strength: 13 Dexterity: 11 Constitution: 16 Intelligence: 18 Wisdom: 11 Charisma: 10 Health: 0(77) Energy: 27(60) Def: 3 Gold: 842 Moves: 5698 Dungeon seed: sOIPJVMxf_MbjQd7 Game ID: montu_1704921075 Your Inventory: Coins $ - 842 gold pieces Weapons a - a blessed +1 quarterstaff t - a cursed -3 nasty scimitar (weapon in hand) Armor e - a blessed +0 cloak of magic resistance (being worn) n - an uncursed +0 mummy wrapping q - an uncursed +0 cloak of displacement r - an uncursed +0 leather armor (being worn) z - a cursed -1 pair of levitation boots Comestibles g - an uncursed lizard corpse i - 3 uncursed slime molds Scrolls f - an uncursed scroll of confuse monster o - an uncursed scroll of enchant weapon C - 2 uncursed scrolls of earth P - an uncursed scroll of remove curse Q - an uncursed scroll of magic mapping Spellbooks p - an uncursed spellbook of levitation Y - an uncursed spellbook of cone of cold Potions u - an uncursed potion of confusion v - an uncursed potion of object detection Rings D - an uncursed ring of protection from shape changers Wands l - an uncursed wand of probing (0:8) B - an uncursed wand of summoning (0:6) Tools h - an uncursed blindfold j - an uncursed tin whistle m - an uncursed lock pick w - an uncursed mirror L - an uncursed leash Spells and supernatural/magical abilities: Name Level Category Cost Memory a - force bolt 1 attack 6pw 91% m - magic missile 2 attack 12pw 91% u - confuse monster 2 enchantment 16pw 98% H - speed monster 3 escape 37pw 91% I - identify 2 divination 16pw 91% W - pray for help -- divine ? -- Your skills at the end: Fighting Skills wands [Basic] Weapon Skills quarterstaff [Basic] Spellcasting Skills attack spells [Skilled] divination spells [Basic] enchantment spells [Basic] Final Attributes: You were piously aligned. You were cold resistant. You were poison resistant. You were magic resistant. You last prayed 4328 turns ago. Anhur was noncommittal. You are dead. Vanquished creatures: 2 small mimics a tengu a pit viper a quivering blob 3 winter wolf cubs a leprechaun an ogre an owlbear a gold golem a lizard 3 dingos a dwarf lord 2 blue jellies a plains centaur a gnome mummy a snake a rope golem a wood nymph a mountain nymph 3 rock piercers a shrieker a violet fungus 2 gnome lords a kobold mummy a ghoul a straw golem a little dog 3 floating eyes a dwarf a homunculus 2 kobold lords 2 hill orcs 3 rothes a rabid rat a centipede 2 giant bats a werejackal an iguana 3 acid blobs a hobbit a large kobold a hobgoblin a giant rat 5 cave spiders 2 yellow molds 3 red molds 5 geckos 9 jackals a kobold 3 goblins 3 sewer rats 8 grid bugs a bat 5 lichens a kobold zombie 5 newts 112 creatures vanquished. Voluntary challenges: You used a wielded weapon 67 times, starting on turn 276. You read items or engraved 23 times, starting on turn 1440. You never genocided any monsters. You never polymorphed an object. You never changed form. You used no wishes. You never split a pudding. You wrote Elbereth's name 13 times, starting on turn 4331. You violated your moral code, losing 32 points of alignment, starting on turn 4330. Dungeon overview: The Dungeons of Doom: levels 1 to 9 Level 1 a long staircase Level 2 a general store, a fountain Level 3 a bookstore, an altar to Anhur, a sink a long staircase Level 4 a fountain, a sink, a vault Level 5 a general store Level 6 Level 7 Level 8 many fountains Level 9 a fountain stairs to Sokoban Sokoban: Level 8 <- You were here Unsolved stairs to The Dungeons of Doom History has recorded: On T:1 you entered the Dungeons of Doom to retrieve the Amulet of Yendor! On T:765 you reached level 2 of The Dungeons of Doom. On T:792 you reached level 3 of The Dungeons of Doom. On T:899 you advanced to experience level 2. On T:1403 you advanced to experience level 3. On T:1576 you advanced to experience level 4. On T:1720 you reached level 4 of The Dungeons of Doom. On T:2154 you reached level 5 of The Dungeons of Doom. On T:2246 you advanced to experience level 5. On T:2756 you reached level 6 of The Dungeons of Doom. On T:3316 you reached level 7 of The Dungeons of Doom. On T:3460 you advanced to experience level 6. On T:3888 you reached level 8 of The Dungeons of Doom. On T:4527 you reached level 9 of The Dungeons of Doom. On T:5128 you reached level 4 of Sokoban. On T:5259 you advanced to experience level 7. Score breakdown: Gold: 842 ( 9952 points) Experience: 7 levels (13645 points) Exploration: 9 levels ( 18.75%) (12377 points) Discoveries: 31 items ( 10.40%) ( 9675 points) Valuables value: (no points given unless you survive) Artifact value: 0 ( 0 points) Variety of kills: 56 monsters ( 14.74%) (11516 points) Turncount: 5698 turns (-1547 points) Survival: died (score multiplied by 80%) Total score: 44494 Latest messages: The magic missile hits the soldier ant! The soldier ant bites! The soldier ant stings! The magic missile hits the soldier ant! The soldier ant bites! The soldier ant stings! The soldier ant bites! The soldier ant stings! The force bolt misses the soldier ant. The soldier ant bites! The soldier ant stings! The soldier ant's sting was poisoned! The force bolt misses the soldier ant. The force bolt hits the owlbear! The soldier ant bites! The soldier ant stings! The soldier ant bites! The soldier ant stings! You die... Final status: Goodbye montu the Wizard, killed by a soldier ant... You died in Sokoban on dungeon level 8 with 44494 points, and 842 pieces of gold, after 5698 moves. You were level 7 with a maximum of 77 hit points when you died.